 Dungeon Crawl Stone Soup version 0.27-a0-998-g4cfe56dd59 (webtiles) character file.

Game seed: 2264343444277839080

57 voltaire321 the Stinger (level 4, -4/28 HPs)
             Began as an Octopode Venom Mage on Apr 16, 2021.
             Was a Follower of Dithmenos.
             Killed by divine providence
             ... invoked by an orc priest
              (14 damage)
             ... on level 2 of the Dungeon.
             The game lasted 00:05:47 (1531 turns).

voltaire321 the Stinger (Octopode Venom Mage)       Turns: 1531, Time: 00:05:48

Health: -4/28      AC:  1    Str:  7    XL:     4   Next: 0%
Magic:  0/7        EV: 13    Int: 18    God:    Dithmenos [*.....]
Gold:   107        SH:  0    Dex: 12    Spells: 4/7 levels left

rFire    . . .     SeeInvis .   (no weapon)
rCold    . . .     Faith    .   (no shield)
rNeg     . . .     Spirit   .   (helmet restricted)
rPois    .         Reflect  .   (no amulet)
rElec    .         Harm     .   (no ring)
rCorr    .         Rampage  .   (no ring)
Will     .....                  (no ring)
Stlth    ++++......             (no ring)
HPRegen  0.09/turn              (no ring)
MPRegen  0.10/turn              (no ring)
                                (no ring)
                                (no ring)

@: wreathed by umbra
A: almost no armour, amphibious, 8 rings, camouflage 1, gelatinous body 1,
(nimble swimmer 1), tentacles
a: Renounce Religion


You were on level 2 of the Dungeon.
You worshipped Dithmenos.
Dithmenos was aware of your devotion.
You visited 1 branch of the dungeon, and saw 2 of its levels.

You collected 107 gold pieces.

Inventory:

Jewellery
 b - a ring of resist corrosion
Scrolls
 a - a scroll of blinking {unknown}
Potions
 c - 4 potions of magic {unknown}
 d - a potion of curing {unknown}
 e - 2 potions of haste {unknown}


   Skills:
 + Level 1.1 Fighting
 + Level 2.2 Dodging
 + Level 3.5 Stealth
 + Level 2.3 Spellcasting
 + Level 1.5 Transmutations
 + Level 0.3 Air Magic
 + Level 4.0 Poison Magic
 + Level 0.5 Invocations


You had 4 spell levels left.
You knew the following spells:

 Your Spells              Type           Power      Damage    Failure   Level
a - Sting                 Tmut/Pois      48%        1d5       5%          1
b - Poisonous Vapours     Pois/Air       20%        N/A       11%         2

Your spell library contained the following spells:

 Spells                   Type           Power      Damage    Failure   Level
 Ignite Poison            Fire/Tmut/Pois 8%         N/A       24%         3
 Mephitic Cloud           Conj/Pois/Air  7%         N/A       28%         3
 Olgreb's Toxic Radiance  Pois           16%        N/A       32%         4


Dungeon Overview and Level Annotations

Branches:
Dungeon (2/15)

Altars:
Dithmenos

Annotations:
D:2 Sigmund


Innate Abilities, Weirdness & Mutations

You cannot wear most types of armour.
You are amphibious.
You can wear up to eight rings at the same time.
Your skin changes colour to match your surroundings (Stealth+).
Your rubbery body absorbs attacks. (AC +1, EV +1)
((You are camouflaged near water. (Stealth+)))
You have tentacles for arms and can constrict up to eight enemies at once.


Message History

You kill the orc!
Dithmenos accepts your kill.
You have reached level 4!
Casting: Sting (safe; 5% risk of failure)
Confirm with . or Enter, or press ? or * to list all spells.
You can't see any susceptible monsters within range! (Use Z to cast anyway.)
Casting: Sting (safe; 5% risk of failure)
Confirm with . or Enter, or press ? or * to list all spells.
Aiming: Sting (safe; 5% risk of failure)
Press: ? - help, Shift-Dir - straight line, f - orc priest
Aim: an orc priest, wielding a +0 flail (umbra, 71% to hit)
The sting misses the orc priest.
Casting: Sting (safe; 5% risk of failure)
Confirm with . or Enter, or press ? or * to list all spells.
Aiming: Poisonous Vapours (safe; 11% risk of failure)
Press: ? - help, Dir - move target, f/p - orc priest
Aim: an orc priest, wielding a +0 flail (umbra) Poisonous vapours surround the orc priest!
The orc priest is engulfed in poison gas.
The orc priest is poisoned.
The orc priest barely misses you.
Casting: Poisonous Vapours (safe; 11% risk of failure)
Confirm with . or Enter, or press ? or * to list all spells.
Aiming: Sting (safe; 5% risk of failure)
Press: ? - help, Shift-Dir - straight line, f/p - orc priest
Aim: an orc priest, wielding a +0 flail (lightly wounded, poisoned, umbra, 71% to hit)
The sting hits the orc priest.
The orc priest looks even sicker.
The orc priest is moderately wounded.
The orc priest calls down the wrath of Beogh upon you.
Beogh smites you!
Casting: Sting (safe; 5% risk of failure)
Confirm with . or Enter, or press ? or * to list all spells.
You don't have enough magic to cast this spell.
Unknown command.
You barely miss the orc priest. You grab the orc priest.
The orc priest is moderately wounded.
You constrict the orc priest.
The orc priest calls down the wrath of Beogh upon you.
Beogh smites you!
Ouch! That really hurt!
You die...

.# #.# #.# .# #.# #o#
.######[# #.#
........#############o#######
รท...###......................
.##..............####.#######
.####.#.###.####.# #.#
.####.#.# #.# #o# #.#
...##.#.# #.# #@# #.#
...##.#.# #.# #.# #.#
...##.#.# #.# #.# #)#
...##.#.# #.# #.# #.#
...##.#.# #.# #.#
##.##.#.###.####.#
#..##.#.#....>##.#
#.###.#..........#
....#.)..........#


You could see an orc priest (very poisoned).

Vanquished Creatures
  2 adders (D:2)
  A dart slug (D:2)
  2 orcs (D:2)
  An endoplasm (D:1)
  2 giant cockroaches (D:1)
  A goblin (D:1)
  6 hobgoblins
  A quokka (D:1)
  3 ball pythons (D:1)
  7 bats
  6 frilled lizards
  A kobold (D:2)
  3 rats (D:1)
36 creatures vanquished.

Notes
Turn   | Place    | Note
-------+----------+-------------------------------------------
     0 | D:1      | voltaire321 the Octopode Venom Mage began the quest for the
                  | Orb.
     0 | D:1      | Reached XP level 1. HP: 11/11 MP: 3/3
   137 | D:1      | Reached XP level 2. HP: 12/18 MP: 0/5
   251 | D:1      | Found a faded altar of an unknown god.
   295 | D:1      | Became a worshipper of Dithmenos the Shadowed
   295 | D:1      | Reached * piety under Dithmenos
   556 | D:1      | Learned a level 2 spell: Poisonous Vapours
   613 | D:1      | Reached XP level 3. HP: 22/22 MP: 4/6
   660 | D:1      | Reached skill level 1 in Fighting
  1100 | D:2      | Noticed Sigmund
  1122 | D:2      | Reached skill level 4 in Poison Magic
  1527 | D:2      | Reached XP level 4. HP: 19/28 MP: 4/7
  1531 | D:2      | Killed from afar by an orc priest

Illustrated notes

Levels and vault maps discovered:
D:1:      psy_arrival_spokes, layout_basic, ebering_ecumenical_altar_box
D:2:      layout_loops_ring, basic_altar, uniq_sigmund

Skill      XL: |  1  2  3 |
---------------+----------+-----
Stealth        | 3 |  3.5
Fighting       | 1 |  1.1
Poison Magic   | 4 |  4.0
Dodging        | |  2.2
Spellcasting   | |  2.3
Transmutations | |  1.5
Air Magic      | |  0.3
Invocations    | |  0.5

Action                   |  1- 3 |  4- 6 || total
-------------------------+-------+-------++-------
Melee: Unarmed           |    25 |     1 ||    26
       Constrict         |     8 |     1 ||     9
       Tentacles         |     7 |       ||     7
 Cast: Sting             |    45 |     2 ||    47
       Poisonous Vapours |       |     1 ||     1
Armor: Skin              |     4 |       ||     4
Dodge: Dodged            |    28 |     1 ||    29

Table legend: (Time is in decaauts)
 A = Elapsed time spent in this place.
 B = Non-inter-level travel time spent in this place.
 C = Inter-level travel time spent in this place.
 D = Time resting spent in this place.
 E = Time spent auto-exploring this place.
 F = Levels seen in this place.
 G = Mean time per level.
                   A        B        C        D        E       F      G
               +--------+--------+--------+--------+--------+-----+--------+
         Total |   1531 |   1505 |     26 |    607 |    471 |   2 |  765.5 |
       Dungeon |   1531 |   1505 |     26 |    607 |    471 |   2 |  765.5 |
               +--------+--------+--------+--------+--------+-----+--------+

Top non-repeatable levels by time:
     D:1: 900 daAuts
     D:2: 631 daAuts
